Map: Bel'Shir Vestige LE (Void)

Players

TYTY (TY) - Winner!

  • Race: Terran Terran
  • Spawn Location: 5:00

Stats

  • Race: Protoss Protoss
  • Spawn Location: 11:00

Event: IEM XI Katowice - World Championship 2017

VOD

Have the link to the VOD?

Description

Time

  • Played on: March 5, 2017, 10:10 a.m.
  • Length: 9:10

All games in this series

Show
View Real Time Build Order
Export as new Build Order

TYTY Terran - Winner!

Build Orders: Reaper Expand, MMM Bio 

Get SALT Encoding   

  12  0:00  SCV  
  13  0:12  SCV  
  14  0:17  Supply Depot  
  14  0:24  SCV  
  14  0:27  Refinery  
  15  0:38  SCV  
  16  0:43  Barracks  
  16  0:50  SCV  
  17  1:02  SCV  
  18  1:15  SCV  
  19  1:29  Reaper  
  19  1:30  Orbital Command  
  20  1:40  Command Center  
  20  1:50  Factory  
  20  1:56  SCV  
  21  2:02  Supply Depot  
  21  2:05  Barracks Reactor  
  21  2:08  SCV  
  21  2:15  Refinery  
  22  2:20  SCV  
  23  2:34  SCV  
  24  2:42  Starport  
  24  2:45  Hellion x2  
  24  2:46  SCV  
  29  2:52  Orbital Command  
  30  2:59  Barracks Tech Lab  
  30  3:01  SCV  
  30  3:06  Widow Mine x2  
  34  3:13  SCV  
  34  3:19  Supply Depot, Marine  
  36  3:21  SCV  
  36  3:23  Medivac  
  36  3:26  SCV  
  40  3:35  SCV  
  40  3:40  SCV  
  39  3:47  Marine x2, SCV  
  39  3:48  Barracks  
  41  3:49  Barracks  
  41  3:51  Siege Tank  
  41  3:55  Starport Tech Lab  
  44  3:56  SCV  
  44  3:59  SCV  
  46  4:04  Supply Depot  
  46  4:05  Marine  
  46  4:08  SCV  
  48  4:11  SCV  
  49  4:20  SCV  
  49  4:23  Marine x2  
  52  4:31  SCV  
  52  4:34  Liberator, Siege Tank, SCV  
  55  4:41  Marine x3  
  55  4:42  Marine, Combat Shields, Supply Depot  
  55  4:43  SCV  
  55  4:44  Refinery  
  57  4:50  Supply Depot  
  57  4:51  SCV  
  61  4:56  Supply Depot  
  61  4:58  SCV  
  62  5:03  Marine x4, Supply Depot  
  66  5:08  SCV  
  66  5:13  Siege Tank  
  70  5:14  SCV  
  70  5:21  Marine  
  71  5:23  Marine x2  
  75  5:28  SCV x2  
  75  5:30  Barracks Tech Lab  
  76  5:39  Marine  
  76  5:41  Marine  
  78  5:43  Marauder  
  78  5:44  SCV  
  78  5:49  Starport Reactor  
  81  5:50  Stimpack  
  81  5:51  Marauder, Command Center  
  81  5:53  Supply Depot  
  81  5:54  Refinery, Factory Reactor  
  81  5:56  Marine, SCV x2  
  86  6:03  Marine  
  86  6:04  Marauder  
  86  6:10  Engineering Bay  
  88  6:12  Marauder, SCV x2  
  92  6:25  Medivac  
  94  6:26  Medivac  
  94  6:28  Marine x2  
  94  6:29  Bunker  
  100  6:34  Supply Depot  
  100  6:35  Supply Depot, Widow Mine x2  
  102  6:40  Marine x2, SCV x2  
  102  6:46  Marine  
  104  6:52  SCV x2  
  104  6:54  Barracks  
  101  6:56  Medivac, Barracks  
  102  7:03  Medivac  
  102  7:04  Missile Turret  
  110  7:10  Orbital Command  
  110  7:12  Terran Infantry Weapons Level 1  
  110  7:14  Marine x2, Orbital Command  
  110  7:20  Marauder x2  
  110  7:21  SCV  
  115  7:24  SCV  
  116  7:30  Viking  
  116  7:33  Viking  
  116  7:36  SCV x2  
  118  7:38  Starport  
  119  7:48  SCV  
  119  7:50  Missile Turret, SCV  
  120  7:53  Concussive Shells  
  120  7:57  Marine x2  
  120  7:58  Marauder x2  
  127  7:59  Barracks Reactor  
  127  8:03  Viking  
  127  8:04  Supply Depot  
  131  8:06  Marine, Viking  
  131  8:15  Marine  
  131  8:19  Marauder  
  133  8:20  Marine x2  
  133  8:23  Viking x2  
  140  8:27  Marauder  
  140  8:34  Viking  
  142  8:35  SCV x2  
  142  8:38  Marauder  
  143  8:42  Marine x2  
  143  8:43  SCV  
  143  8:47  SCV  
  147  8:54  Supply Depot  
Show
View Real Time Build Order
Export as new Build Order

Stats Protoss 

Build Orders: 1 Gate Expand, Colossus Rush 

Get SALT Encoding   

  12  0:00  Probe (Chrono Boost)  
  13  0:11  Probe (Chrono Boost)  
  14  0:17  Pylon  
  14  0:22  Probe (Chrono Boost)  
  15  0:35  Probe (Chrono Boost)  
  16  0:36  Gateway  
  16  0:40  Assimilator  
  16  0:45  Probe (Chrono Boost)  
  17  0:56  Probe (Chrono Boost)  
  18  1:06  Probe (Chrono Boost)  
  19  1:17  Nexus  
  19  1:21  Probe (Chrono Boost)  
  20  1:30  Cybernetics Core  
  20  1:32  Probe (Chrono Boost)  
  21  1:37  Assimilator  
  21  1:43  Probe (Chrono Boost)  
  22  1:47  Pylon  
  22  1:53  Probe (Chrono Boost)  
  23  2:03  Adept  
  23  2:07  Warp Gate, Probe (Chrono Boost)  
  26  2:19  Probe (Chrono Boost)  
  27  2:27  Adept  
  27  2:29  Probe (Chrono Boost)  
  29  2:31  Probe (Chrono Boost)  
  31  2:39  Probe (Chrono Boost)  
  31  2:42  Robotics Facility  
  31  2:43  Probe (Chrono Boost)  
  33  2:50  Probe (Chrono Boost)  
  34  2:54  Probe (Chrono Boost)  
  35  3:00  Probe (Chrono Boost)  
  35  3:05  Mothership Core (Chrono Boost)  
  38  3:06  Gateway  
  38  3:07  Gateway  
  38  3:11  Probe (Chrono Boost)  
  39  3:21  Pylon  
  39  3:22  Probe (Chrono Boost)  
  39  3:23  Probe (Chrono Boost)  
  37  3:42  Observer  
  37  3:43  Probe (Chrono Boost)  
  37  3:44  Probe (Chrono Boost)  
  40  3:52  Pylon  
  40  3:53  Probe (Chrono Boost)  
  40  3:54  Pylon  
  40  3:55  Robotics Bay, Probe (Chrono Boost)  
  42  4:03  Assimilator  
  42  4:04  Observer, Probe (Chrono Boost)  
  42  4:05  Assimilator, Probe (Chrono Boost)  
  45  4:13  Stalker x2  
  45  4:14  Probe (Chrono Boost)  
  45  4:16  Probe (Chrono Boost), Stalker  
  53  4:25  Probe (Chrono Boost)  
  53  4:26  Probe (Chrono Boost)  
  55  4:36  Probe (Chrono Boost)  
  55  4:37  Probe (Chrono Boost)  
  51  4:46  Probe (Chrono Boost)  
  51  4:47  Colossus, Probe (Chrono Boost)  
  59  4:57  Probe (Chrono Boost)  
  59  4:58  Probe (Chrono Boost)  
  61  5:00  Extended Thermal Lance  
  61  5:08  Pylon, Probe (Chrono Boost)  
  61  5:09  Probe (Chrono Boost)  
  61  5:14  Pylon  
  63  5:16  Pylon  
  63  5:20  Probe (Chrono Boost)  
  63  5:21  Probe (Chrono Boost)  
  65  5:32  Probe (Chrono Boost)  
  65  5:33  Probe (Chrono Boost)  
  65  5:34  Colossus  
  67  5:41  Sentry  
  75  5:44  Nexus  
  75  5:53  Probe x2 (Chrono Boost)  
  77  6:01  Zealot, Sentry  
  79  6:07  Zealot  
  79  6:10  Pylon  
  81  6:13  Probe x2 (Chrono Boost)  
  83  6:21  Colossus  
  83  6:25  Stalker x2  
  87  6:27  Adept  
  87  6:29  Gateway  
  95  6:34  Pylon  
  95  6:35  Pylon  
  89  6:49  Stalker x2  
  89  6:50  Stalker  
  85  7:08  Gateway x2  
  85  7:12  Adept  
  85  7:13  Adept x2  
  97  7:20  Warp Prism  
  89  7:27  Twilight Council  
  84  7:38  Adept  
  84  7:39  Adept x3  
  84  7:43  Pylon  
  92  7:44  Pylon  
  92  7:53  Colossus  
  92  8:03  Adept x2  
  92  8:04  Adept x4  
  110  8:13  Pylon  
  110  8:15  Pylon  
  110  8:24  Adept x2  
  110  8:26  Adept x2  
  104  8:43  Stalker x2  
  86  8:51  Adept x4  

Tags
 
Add a new tag
Caveats
  • Supply blocks, unpowered buildings, or Contaminate may cause inaccurate times.
  • Supply counts are checked every 10 seconds.